 Dungeon Crawl Stone Soup version 0.17.1-2-g5865329 (webtiles) character file.

137963 abixa the Victor of a Thousand Battles (level 17, -17/158 HPs)
             Began as a Hill Orc Gladiator on Jan 20, 2016.
             Was the Champion of Okawaru.
             Blown up by an orb spider (28 damage)
             ... with an orb of destruction
             ... on level 4 of the Spider Nest.
             The game lasted 02:34:53 (36948 turns).

abixa the Victor of a Thousand Battles (HOGl)      Turns: 36948, Time: 02:34:54

Health: -17/158    AC: 41    Str: 15    XL:     17   Next: 25%
Magic:  39/39      EV:  5    Int: 10    God:    Okawaru [******]
Gold:   2411       SH:  0    Dex: 16    Spells: 0 memorised, 16 levels left

rFire  + + .     SeeInvis .     a - +5 executioner's axe (chop)
rCold  + . .     Clarity  .     k - +10 plate armour of the Hanged Man {rF++ rC+ Int+2}
rNeg   . . .     SustAt   .     (shield currently unavailable)
rPois  +         Gourm    .     R - +2 helmet
rElec  .         Spirit   .     L - +2 cloak {+Inv}
rCorr  .         Warding  .     P - +2 pair of gloves {archery}
rMut   .         Stasis   .     g - +2 pair of boots {run}
MR     ++...                    j - amulet of faith
Stlth  ..........               A - ring of Plog {rPois MP+9 Str-5 Stlth-}
                                Z - ring of protection from magic

@: lethally poisoned (-17 -> -19), quick, very resistant to hostile
enchantments, extremely unstealthy
A: no striking features
a: Heroism, Finesse, Renounce Religion, Evoke Invisibility


You were on level 4 of the Spider Nest.
You worshipped Okawaru.
Okawaru was exalted by your worship.
You were not hungry.

You visited 4 branches of the dungeon, and saw 31 of its levels.
You visited the Abyss 1 time.
You also visited: Labyrinth and Ice Cave.

You collected 3472 gold pieces.
You spent 1061 gold pieces at shops.

Inventory:

Hand Weapons
 a - a +5 executioner's axe of chopping (weapon)
 b - a +2 arbalest of freezing
 c - a +0 blowgun
 u - the +1 battleaxe of Linearity {flame, Str+4}
   (Okawaru gifted it to you on level 8 of the Lair of Beasts)

   It has been specially enchanted to burn those struck by it, causing extra
   injury to most foes and up to half again as much damage against particularly
   susceptible opponents.
   Big, fiery blades are also staple armaments of hydra-hunters.
   It affects your strength (+4).
Missiles
 x - 16 bolts of penetration
 y - 134 poisoned needles
 D - 5 javelins of penetration (quivered)
 E - 6 silver javelins
 F - 128 bolts
 I - 8 bolts of flame
Armour
 g - a +2 pair of boots of running (worn)
 k - the +10 plate armour of the Hanged Man (worn) {rF++ rC+ Int+2}
   (Okawaru gifted it to you on level 4 of the Orcish Mines)

   It affects your intelligence (+2).
   It greatly protects you from fire.
   It protects you from cold.
 L - a +2 cloak of invisibility (worn)
 P - a +2 pair of gloves of archery (worn)
 R - a +2 helmet (worn)
Rods
 T - a +3 rod of ignition (13/13)
   (You found it on level 14 of the Dungeon)
Jewellery
 j - an amulet of faith (around neck)
 q - an uncursed ring of protection from cold
 r - an uncursed ring of flight
 A - the ring of Plog (right hand) {rPois MP+9 Str-5 Stlth-}
   (You found it on level 9 of the Dungeon)

   [ring of loudness]

   It affects your strength (-5).
   It protects you from poison.
   It affects your magic capacity (+9).
   It makes you less stealthy.
 B - an uncursed amulet of clarity
 M - an uncursed ring of see invisible
 V - an uncursed ring of wizardry {unknown}
 Z - a ring of protection from magic (left hand)
Wands
 Q - a wand of polymorph (11)
 Y - a wand of enslavement (13)
Scrolls
 e - a scroll of silence {unknown}
 h - a scroll of magic mapping
 l - 9 scrolls of fear
 o - 7 scrolls of remove curse
 v - 2 scrolls of recharging
 w - 3 scrolls of blinking
 C - 13 scrolls of teleportation
 H - a scroll of summoning
 K - 2 scrolls of amnesia {unknown}
 S - 4 scrolls of fog
 U - a scroll of enchant armour
 X - a scroll of immolation
Potions
 d - 3 potions of cancellation
 m - 7 potions of agility
 n - 7 potions of haste
 p - 9 potions of heal wounds
 s - 12 potions of curing
 t - 2 potions of might
 G - a potion of brilliance
 J - a potion of lignification {unknown}
 N - a potion of magic
 W - a potion of berserk rage
Comestibles
 f - 4 beef jerkies
 i - 9 fruits
 O - a bread ration


   Skills:
 + Level 16.0 Fighting
 + Level 17.8 Axes
 + Level 9.5 Crossbows
 - Level 1.7 Throwing
 + Level 14.3 Armour
 + Level 10.0 Dodging
 - Level 19.0 Invocations


You had 16 spell levels left.
You didn't know any spells.

Dungeon Overview and Level Annotations

Branches:
Dungeon (15/15)            Temple (0/1) D:6            Lair (8/8) D:11
 Shoals (0/4) Lair:5       Spider (4/4) Lair:4        Slime (0/6) Lair:6
    Orc (4/4) D:11            Elf (0/3) Orc:4        Vaults (0/5) D:14
 Depths: D:15

Altars:
Ashenzari
Dithmenos
Elyvilon
Fedhas
Nemelex Xobeh
Okawaru
Qazlal
Trog
The Shining One
Beogh
Jiyva

Shops:
D:4 }   Orc:4 :(=[*

Portals:
Trove: D:13 (show slimy rune of Zot)

Annotations:
D:4 emiel's ghost, amateur MiGl
D:9 dig
D:15 Louise
Lair:4 Asterion
Spider:4 exclusion: 3 doors, Arachne


Message History

The demonic crawler hits you but does no damage.
You feel sick. The jumping spider pounces on you.
* * * LOW HITPOINT WARNING * * *
The jumping spider bites you but does no damage.
You feel sick.
The jumping spider leaps!
You feel sick.
You feel sick.
The jumping spider leaps!
The jumping spider leaps!
You feel sick.
The orb spider weaves a glowing orb of energy.
You feel sick.
The jumping spider leaps!
The demonic crawler hits you but does no damage. x2
The demonic crawler completely misses you.
There is a stone staircase leading up, spattered with blood here.
Press: ? - help, v - describe, . - travel A stone staircase leading up, spattered with blood.
Unknown command.
Unknown command.
You feel sick. The orb of destruction hits you!
You die...

###.#..##.^#
#...........
#...........
##..^.......
#......(.....
#.............
####..............
#.^........[......
##...@............
##..s§...........
###.s§..........
##..§.........
##.§.........
##.s§.......
##§.^......
#.........
#.........


You could see a demonic crawler, an orb spider and a jumping spider.

Vanquished Creatures
  Rupert (Spider:1)
  Agnes (D:14)
  Frances (D:12)
  Kirke (Spider:1)
  Wiglaf (Spider:3)
  An orc warlord (Orc:3)
  The ghost of Chiseanne the Blocker, a journeyman CeAE of Gozag (D:15)
  Azrael (D:12)
  A minotaur (Lab)
  A fire dragon (Lair:6)
  8 vault guards
  An entropy weaver (Spider:4)
  An ice dragon (Lair:8)
  3 catoblepae
  4 hydras
  A queen ant (Spider:2)
  4 centaur warriors
  An orc high priest (Orc:4)
  Urug (Orc:2)
  13 death yaks
  Nergalle (Orc:1)
  2 unseen horrors
  Pikel (D:9)
  4 orc sorcerers
  3 wizards (D:15)
  9 orb spiders
  6 hill giants
  A deep elf conjurer (D:15)
  2 manticores (Lair:8)
  5 orc knights
  A hornet (Spider:3)
  13 wolf spiders
  3 ugly things
  6 griffons
  6 black mambas
  2 centaur zombies
  8 elephants
  A siren (Lair:5)
  4 cyclopes
  2 ice statues (IceCv)
  A torpor snail (Lair:8)
  9 komodo dragons
  2 efreet
  18 spiny frogs
  4 demonic crawlers
  5 fire drakes
  9 jumping spiders
  2 polar bears (Lair:7)
  A tengu conjurer (D:10)
  18 blink frogs
  8 kobold demonologists
  A two-headed ogre (D:8)
  A queen bee (D:8)
  A boulder beetle (Spider:1)
  11 trolls
  3 slime creatures (D:14)
  A trapdoor spider zombie (D:12)
  A spriggan (Lair:5)
  15 tarantellas
  Sigmund (D:5)
  24 redbacks
  3 deep elf magi
  9 trapdoor spiders
  4 hogs (Spider:1)
  53 yaks
  3 basilisks
  5 fire elementals (D:12)
  A steam dragon (D:8)
  A vampire (D:14)
  Eustachio (D:6)
  12 hippogriffs
  4 vampire mosquitoes (D:15)
  2 wargs
  A hungry ghost (D:10)
  3 wyverns
  6 wolves
  Edmund (D:6)
  A mottled dragon (D:14)
  27 soldier ants
  2 hell hounds (D:12)
  11 porcupines
  A sky beast (D:12)
  8 ice beasts
  35 orc warriors
  31 spiders
  12 water moccasins
  4 black bears
  12 centaurs
  An eye of draining (D:9)
  A phantom (D:3)
  18 ogres
  10 crocodiles
  10 big kobolds
  13 giant frogs
  A gnoll sergeant (D:9)
  2 wyvern zombies
  5 scorpions
  7 wights
  37 killer bees
  9 electric eels
  10 hounds
  4 crimson imps
  4 centaur skeletons
  3 giant frog skeletons
  13 iguanas
  30 orc wizards
  Crazy Yiuf (D:6)
  30 orc priests
  11 jellies
  A wasp zombie (D:7)
  Jessica (D:2)
  2 gnoll shamans
  31 worker ants
  27 sheep
  2 hound zombies
  2 hound skeletons
  A worker ant zombie (D:8)
  14 gnolls
  39 river rats
  4 shadow imps
  9 adders
  3 white imps
  2 worms
  An adder skeleton (D:5)
  4 giant geckos
  174 orcs
  3 bats
  11 hobgoblins
  10 jackals
  A quokka (D:9)
  2 ball pythons
  9 giant cockroaches
  2 giant gecko skeletons
  3 giant newts
  14 goblins
  33 kobolds
  A quokka zombie (D:7)
  16 rats
  A bush (Lair:1)
  18 fungi
  6 plants
1183 creatures vanquished.

Vanquished Creatures (others)
  A redback (Spider:4)
  3 slaves (D:9)
  A giant frog skeleton (D:9)
  A hound (D:9)
  A worker ant (D:9)
  A worker ant zombie (D:8)
  2 orcs (D:11)
  9 fungi
  2 plants (Lair:8)
21 creatures vanquished.

Grand Total: 1204 creatures vanquished

Notes
Turn   | Place    | Note
--------------------------------------------------------------
     0 | D:1      | abixa the Hill Orc Gladiator began the quest for the Orb.
     0 | D:1      | Reached XP level 1. HP: 18/18 MP: 1/1
   415 | D:1      | Reached XP level 2. HP: 25/25 MP: 2/2
   670 | D:1      | Reached skill level 5 in Axes
   953 | D:2      | Found a glowing golden altar of the Shining One.
  1004 | D:2      | Reached XP level 3. HP: 27/30 MP: 3/3
  1102 | D:2      | Reached skill level 6 in Axes
  1421 | D:2      | Noticed Jessica
  1453 | D:2      | Killed Jessica
  1453 | D:2      | Reached XP level 4. HP: 37/37 MP: 4/4
  2205 | D:3      | Found a white marble altar of Elyvilon.
  2300 | D:3      | Reached skill level 7 in Axes
  2808 | D:3      | Reached XP level 5. HP: 40/42 MP: 5/5
  2938 | D:3      | Reached skill level 1 in Armour
  3453 | D:4      | Reached XP level 6. HP: 15/51 MP: 6/6
  3698 | D:4      | Found Litredo's Gadget Boutique.
  3724 | D:4      | Found a blossoming altar of Fedhas.
  3729 | D:4      | Noticed emiel's ghost (amateur MiGl)
  3794 | D:4      | Noticed a phantom
  3794 | D:4      | Noticed an ogre
  4065 | D:3      | Killed a phantom
  4065 | D:3      | Reached skill level 8 in Axes
  4533 | D:4      | Killed an ogre
  4533 | D:4      | Reached XP level 7. HP: 40/59 MP: 7/7
  4995 | D:5      | Entered Level 5 of the Dungeon
  5110 | D:5      | Reached skill level 5 in Fighting
  5110 | D:5      | Reached skill level 9 in Axes
  5233 | D:5      | Noticed Sigmund
  5234 | D:5      | Found an iron altar of Okawaru.
  6009 | D:5      | Killed Sigmund
  6009 | D:5      | Reached XP level 8. HP: 69/69 MP: 8/8
  6106 | D:5      | Became a worshipper of Warmaster Okawaru
  6180 | D:5      | Found a shadowy altar of Dithmenos.
  6381 | D:5      | Reached skill level 5 in Armour
  6548 | D:6      | Found a staircase to the Ecumenical Temple.
  6558 | D:6      | Noticed Edmund
  6577 | D:6      | Killed Edmund
  6821 | D:5      | Reached skill level 10 in Axes
  7062 | D:6      | Noticed Crazy Yiuf
  7076 | D:6      | Killed Crazy Yiuf
  7122 | D:6      | Noticed Eustachio
  7209 | D:6      | Killed Eustachio
  7274 | D:6      | Reached * piety under Okawaru
  7274 | D:6      | Reached XP level 9. HP: 57/79 MP: 9/9
  7394 | D:6      | Found a stormy altar of Qazlal.
  7428 | D:6      | Noticed an ogre
  7436 | D:6      | Killed an ogre
  7654 | D:6      | Reached skill level 1 in Invocations
  8146 | D:7      | Reached skill level 11 in Axes
  8401 | D:7      | Reached ** piety under Okawaru
  8697 | D:7      | Noticed a moth of wrath
  8700 | D:7      | Found a bloodstained altar of Trog.
  8842 | D:8      | Found a sparkling altar of Nemelex Xobeh.
  8917 | D:8      | Reached skill level 12 in Axes
  8926 | D:8      | Reached XP level 10. HP: 64/90 MP: 8/10
  9381 | D:8      | Noticed a griffon
  9383 | D:8      | Noticed a centaur warrior
  9784 | D:8      | Killed a griffon
  9784 | D:8      | Reached *** piety under Okawaru
 10488 | D:9      | Noticed Pikel
 10525 | D:9      | Killed Pikel
 10525 | D:9      | Reached skill level 10 in Fighting
 11001 | D:9      | Reached **** piety under Okawaru
 11056 | D:9      | Reached skill level 13 in Axes
 11228 | D:9      | Got a shimmering pewter ring
 11237 | D:9      | Identified the ring of Plog {rPois MP+9 Str-5 Stlth-} (You found it on level 9 of the Dungeon)
 11935 | D:10     | Entered Level 10 of the Dungeon
 11940 | D:10     | Reached XP level 11. HP: 97/101 MP: 11/11
 12287 | D:10     | Reached ***** piety under Okawaru
 12425 | D:10     | Noticed a hill giant
 12504 | D:8      | Killed a centaur warrior
 12504 | D:8      | Reached skill level 10 in Armour
 12718 | D:8      | Noticed an efreet
 12835 | D:8      | Killed an efreet
 13386 | D:8      | Found a glowing golden altar of the Shining One.
 13386 | D:8      | Found a bloodstained altar of Trog.
 13388 | D:8      | Noticed a catoblepas
 13423 | D:8      | Killed a catoblepas
 13423 | D:8      | Reached skill level 5 in Dodging
 14129 | D:10     | Noticed an unseen horror
 14138 | D:10     | Killed an unseen horror
 14164 | D:10     | Received a gift from Okawaru
 14239 | D:10     | Killed a hill giant
 14239 | D:10     | Reached skill level 14 in Axes
 14478 | D:11     | Noticed an orc knight
 14974 | D:11     | Got a ruby-encrusted plate armour
 15099 | D:11     | Identified the +8 plate armour of the Skies Above {+Blink rN+} (You found it on level 11 of the Dungeon)
 15110 | D:11     | Found a roughly hewn altar of Beogh.
 15110 | D:11     | Found a staircase to the Orcish Mines.
 15161 | D:11     | Reached XP level 12. HP: 104/112 MP: 14/14
 15600 | D:11     | Found a staircase to the Lair.
 15653 | D:11     | Noticed a hill giant
 15657 | D:11     | Killed a hill giant
 15861 | D:11     | Reached skill level 5 in Invocations
 15885 | D:11     | Killed an orc knight
 16041 | Lair:1   | Entered Level 1 of the Lair of Beasts
 16478 | D:12     | Got an encrusted hand axe
 16549 | D:12     | Noticed Frances
 16567 | D:11     | Identified the +3 hand axe of Cruel Justice {drain, rF+ MP+9} (You found it on level 12 of the Dungeon)
 16618 | D:11     | Received a gift from Okawaru
 16632 | Orc:1    | Entered Level 1 of the Orcish Mines
 17157 | Orc:1    | Noticed Nergalle
 17228 | Orc:1    | Killed Nergalle
 17500 | Orc:3    | Reached skill level 15 in Axes
 17515 | Orc:3    | Found a roughly hewn altar of Beogh.
 17989 | Orc:2    | Noticed Urug
 18010 | Orc:2    | Killed Urug
 18010 | Orc:2    | Received a gift from Okawaru
 18010 | Orc:2    | Reached XP level 13. HP: 89/119 MP: 18/18
 18380 | Orc:3    | Reached skill level 1 in Crossbows
 18689 | Lair:1   | Got a transparent ring mail
 19938 | Lair:2   | You fall through a shaft for 2 floors!
 20347 | Lair:3   | Reached skill level 5 in Crossbows
 21242 | Lair:4   | Received a gift from Okawaru
 21482 | Lair:4   | Reached ****** piety under Okawaru
 21813 | Lair:4   | Found a hole to the Spider Nest.
 22006 | Lair:3   | Received a gift from Okawaru
 22055 | Lair:3   | You fall through a shaft!
 22514 | Lair:5   | Found a labyrinth entrance.
 22540 | Lair:5   | Reached XP level 14. HP: 71/129 MP: 20/20
 22546 | Lab      | Entered a labyrinth
 22735 | Lab      | Identified the Grimoire of Malediction
 22782 | Lair:5   | Identified the +4 ring mail "Lagego" {rF- rN+ Int+3 Dex+4} (You found it on level 1 of the Lair of Beasts)
 23373 | Lair:5   | Found a staircase to the Shoals.
 23393 | Lair:5   | Received a gift from Okawaru
 23917 | Lair:6   | Reached skill level 16 in Axes
 24216 | Lair:6   | Received a gift from Okawaru
 24364 | Lair:6   | Found a staircase to the Slime Pits.
 24364 | Lair:6   | Found a viscous altar of Jiyva.
 24441 | Lair:6   | Reached skill level 10 in Invocations
 24779 | Lair:7   | Found a frozen archway.
 24797 | IceCv    | Entered an ice cave
 25803 | Lair:8   | Entered Level 8 of the Lair of Beasts
 25846 | Lair:7   | Reached skill level 15 in Invocations
 26153 | Lair:8   | Reached XP level 15. HP: 79/137 MP: 26/26
 26200 | Lair:8   | Identified a +2 pair of boots of running (You found it on level 8 of the Lair of Beasts)
 26651 | Lair:8   | Reached skill level 17 in Invocations
 26662 | Lair:8   | Received a gift from Okawaru
 26682 | Lair:8   | Got a transparent battleaxe {god gift}
 26683 | Lair:8   | Identified the +1 battleaxe of Linearity {flame, Str+4} (Okawaru gifted it to you on level 8 of the Lair of Beasts)
 26809 | Lair:8   | Reached skill level 18 in Invocations
 26910 | Lair:8   | Got a translucent broad axe
 26911 | Lair:8   | Identified the cursed +3 broad axe "Ogreslayer" {flame, *Noise rPois rN+ MR-} (You found it on level 8 of the Lair of Beasts)
 27606 | Orc:4    | Entered Level 4 of the Orcish Mines
 27663 | Orc:4    | Reached skill level 19 in Invocations
 27689 | Orc:4    | Found a staircase to the Elven Halls.
 27899 | Orc:4    | Paralysed by an orc sorcerer for 6 turns
 28091 | Orc:4    | Found Dulib's Jewellery Emporium.
 28094 | Orc:4    | Bought an uncursed amulet of faith for 480 gold pieces
 28298 | Orc:4    | Received a gift from Okawaru
 28299 | Orc:4    | Got an ichor-stained plate armour {god gift}
 28346 | Orc:4    | Found a roughly hewn altar of Beogh.
 28496 | Orc:4    | Found Lacuocol's Antique Armour Shop.
 28503 | Orc:4    | Bought a pair of transparent boots for 275 gold pieces
 28529 | Orc:4    | Found Uziaforr's Book Shop.
 28565 | Orc:4    | Found Soxty's Antique Weapon Shop.
 28571 | Orc:4    | Bought a glowing executioner's axe for 280 gold pieces
 28635 | Orc:4    | Found Esausuff's General Store.
 28641 | Orc:4    | Bought a scroll of identify for 26 gold pieces
 28963 | Orc:4    | Identified the +10 plate armour of the Hanged Man {rF++ rC+ Int+2} (Okawaru gifted it to you on level 4 of the Orcish Mines)
 28973 | Orc:4    | Identified the +1 pair of boots of Hoeraff {*Confuse rCorr Int+3 Stlth+} (You bought it in a shop on level 4 of the Orcish Mines)
 29226 | D:12     | Noticed Azrael
 29241 | D:12     | Killed Azrael
 29465 | D:12     | Killed Frances
 30156 | D:13     | Found a portal to a secret trove of treasure.
 31060 | D:14     | Found a gate to the Vaults.
 31075 | D:14     | Reached XP level 16. HP: 138/147 MP: 29/29
 31087 | D:14     | Received a gift from Okawaru
 31336 | D:14     | Noticed Agnes
 31344 | D:14     | Killed Agnes
 31587 | D:15     | Entered Level 15 of the Dungeon
 31754 | D:15     | Reached skill level 15 in Fighting
 31899 | D:15     | Noticed Chiseanne's ghost (journeyman CeAE)
 32229 | D:15     | Killed Chiseanne's ghost
 32402 | D:15     | Found a shattered altar of Ashenzari.
 32615 | D:15     | Noticed Louise
 32619 | D:15     | Cast into the Abyss (Louise)
 32654 | D:15     | Escaped the Abyss
 32657 | D:14     | Identified a +3 rod of ignition (13/13) (You found it on level 14 of the Dungeon)
 32859 | Spider:1 | Entered Level 1 of the Spider Nest
 33155 | Spider:1 | Noticed Asterion
 33673 | Spider:1 | Received a gift from Okawaru
 34029 | Spider:1 | Received a gift from Okawaru
 34104 | Spider:1 | Noticed Rupert
 34250 | Spider:1 | Killed Rupert
 34277 | Spider:1 | Received a gift from Okawaru
 34610 | Spider:1 | Noticed Kirke
 34645 | Spider:1 | Received a gift from Okawaru
 34646 | Spider:1 | Killed Kirke
 35080 | Spider:2 | Received a gift from Okawaru
 35729 | Spider:3 | Reached XP level 17. HP: 116/157 MP: 30/30
 36195 | Spider:3 | Noticed Wiglaf
 36214 | Spider:3 | Killed Wiglaf
 36287 | Spider:4 | Entered Level 4 of the Spider Nest
 36292 | Spider:4 | Noticed Arachne
 36790 | Spider:3 | Reached skill level 10 in Dodging
 36929 | Spider:4 | Received a gift from Okawaru
 36948 | Spider:4 | Blown up by an orb spider

Action                   |  1- 3 |  4- 6 |  7- 9 | 10-12 | 13-15 | 16-18 || total
-------------------------+-------+-------+-------+-------+-------+-------++-------
Melee: War axe           |   109 |   194 |   429 |   418 |    28 |       ||  1178
       Scythe            |       |       |    16 |       |       |       ||    16
       Battleaxe         |       |       |       |   463 |  1347 |       ||  1810
       Executioner's axe |       |       |       |       |   217 |   650 ||   867
       Broad axe         |       |       |       |       |    26 |       ||    26
 Fire: Blowgun           |       |       |       |     7 |       |       ||     7
       Arbalest          |       |       |       |       |     3 |    34 ||    37
Throw: Tomahawk          |       |       |       |     9 |     4 |       ||    13
Invok: Heroism           |       |       |     2 |     4 |     1 |     2 ||     9
 Abil: Evoke Flight      |       |       |       |       |     2 |       ||     2
       Evoke Invisibilit |       |       |       |       |       |     1 ||     1
Evoke: Wand              |       |       |     6 |     2 |       |       ||     8
  Use: Scroll            |       |     4 |     6 |     5 |    21 |     4 ||    40
       Potion            |       |       |       |       |       |     1 ||     1
 Stab: Paralysed         |       |       |     4 |       |       |       ||     4
       Distracted        |       |       |       |     1 |       |       ||     1
       Petrifying        |       |       |       |       |     2 |       ||     2
  Eat: Chunk             |     1 |    10 |    15 |    31 |    44 |    15 ||   116
       Pizza             |       |       |       |     1 |       |       ||     1
       Fruit             |       |       |       |       |     4 |       ||     4
       Beef jerky        |       |       |       |       |     1 |       ||     1
       Bread ration      |       |       |       |       |     1 |       ||     1
       Meat ration       |       |       |       |       |       |     1 ||     1
